 Dungeon Crawl Stone Soup version 0.25.1-2-g60ff931df9 (webtiles) character file.

Game seed: 11667742764452704236

373716 gruber the Impaler (level 23, -6/186 HPs)
             Began as a Gnoll Skald on Sept 8, 2020.
             Was an Initiate of Gozag.
             Killed from afar by an ice dragon (12 damage)
             ... with a blast of cold
             ... on level 2 of the Depths.
             The game lasted 01:50:06 (65892 turns).

gruber the Impaler (Gnoll Skald)                   Turns: 65892, Time: 01:50:06

Health: -6/186     AC: 39    Str: 15    XL:     23   Next: 5%
Magic:  0/42       EV: 20    Int: 24    God:    Gozag
Gold:   4466       SH: 20    Dex: 20    Spells: 40/52 levels left

rFire    . . .     SeeInvis +   a - +9 trident "Keluruy" {holy, rPois rC+ rN+ SInv}
rCold    + . .     Gourm    .   e - +1 tower shield {AC+3}
rNeg     + + .     Faith    .   B - +6 pearl dragon scales
rPois    +         Spirit   +   H - +0 hat {SInv}
rElec    .         Reflect  .   P - +2 cloak {rPois}
rCorr    .         Harm     .   I - +0 pair of gloves
MR       +....                  U - +2 pair of boots {Fly}
Stlth    +++++.....             G - amulet of guardian spirit
HPRegen  0.41/turn              K - +4 ring of protection
MPRegen  0.28/turn              b - ring of Riromu {Dex+3 Slay+4}

@: singing, studying 4 skills
A: distributed training, fangs 1, rugged brown scales 1, thin skeletal structure
1, blink, strong nose
}: 1/15 runes: barnacled
a: Blink, Potion Petition, Call Merchant, Bribe Branch, Renounce Religion, Evoke
Flight


You were on level 2 of the Depths.
You worshipped Gozag.
Gozag was most pleased with you.
You were not hungry.

You visited 7 branches of the dungeon, and saw 35 of its levels.
You visited the Abyss 2 times.
You also visited: Gauntlet and Ice Cave.

You collected 17000 gold pieces.
You spent 8931 gold pieces at shops.
You paid 3603 gold pieces to Gozag.

Inventory:

Hand Weapons
 a - the +9 trident "Keluruy" (weapon) {holy, rPois rC+ rN+ SInv}
   (You bought it in a shop on level 4 of the Vaults)

   It has been blessed by the Shining One to cause great damage to the undead
   and demons.
   It protects you from cold.
   It protects you from poison.
   It protects you from negative energy.
   It lets you see invisible.
 q - the +8 hand crossbow of Laida {speed, Int+4 Dex+4}
   (You found it on level 1 of the Shoals)

   Attacks with this weapon are significantly faster.
   It affects your intelligence (+4).
   It affects your dexterity (+4).
Missiles
 v - 10 curare-tipped darts (quivered)
 x - 6 throwing nets
 O - 7 javelins
 V - 1306 bolts
Armour
 e - a +1 tower shield of protection (worn)
 B - +6 pearl dragon scales (worn)
 H - a +0 hat of see invisible (worn)
 I - a +0 pair of gloves (worn)
 P - a +2 cloak of poison resistance (worn)
 U - a +2 pair of boots of flying (worn)
Jewellery
 b - the ring of Riromu (right hand) {Dex+3 Slay+4}
   (You bought it in a shop on level 4 of the Vaults)

   [ring of slaying]

   It affects your dexterity (+3).
   It affects your accuracy and damage with ranged weapons and melee attacks
   (+4).
 h - an uncursed amulet of magic regeneration
 s - an uncursed ring of wizardry
 A - an uncursed ring of ice
 E - an uncursed ring of protection from fire
 G - an amulet of guardian spirit (around neck)
 K - a +4 ring of protection (left hand)
Wands
 p - a wand of acid (10)
 r - a wand of digging (3)
 C - a wand of paralysis (19)
 D - a wand of iceblast (36)
 L - a wand of polymorph (29)
 N - a wand of enslavement (30)
 R - a wand of clouds (10)
Scrolls
 c - 4 scrolls of magic mapping
 j - 12 scrolls of teleportation
 k - 20 scrolls of remove curse
 n - 7 scrolls of fog
 t - 4 scrolls of blinking
 u - a scroll of amnesia
 y - 10 scrolls of identify
 T - 4 scrolls of fear
Potions
 f - 2 potions of might
 i - 6 potions of cancellation
 l - 6 potions of ambrosia
 m - 9 potions of curing
 o - 4 potions of heal wounds
 w - 3 potions of resistance
 z - 5 potions of brilliance
 F - 5 potions of haste
 Q - 3 potions of stabbing
 W - 3 potions of invisibility
 Y - a potion of berserk rage
Books
 g - a manual of Unarmed Combat
 J - a manual of Throwing
 M - a manual of Dodging
 S - a manual of Polearms
 X - a manual of Unarmed Combat
Miscellaneous
 Z - a lightning rod (4/4)
Comestibles
 d - 25 rations


   Skills:
 + Level 15.2 Fighting
 + Level 14.7 Short Blades
 + Level 14.7 Long Blades
 + Level 14.7 Axes
 + Level 14.7 Maces & Flails
 + Level 18.8 Polearms
 + Level 14.7 Staves
 + Level 14.7 Slings
 + Level 14.7 Bows
 + Level 14.7 Crossbows
 + Level 16.0 Throwing
 + Level 14.9 Armour
 + Level 18.3 Dodging
 + Level 14.7 Stealth
 + Level 14.7 Shields
 + Level 18.3 Unarmed Combat
 + Level 15.3 Spellcasting
 + Level 12.6 Conjurations
 + Level 12.6 Hexes
 + Level 13.6 Charms
 + Level 12.6 Summonings
 + Level 12.6 Necromancy
 + Level 12.6 Translocations
 + Level 12.6 Transmutations
 + Level 12.6 Fire Magic
 + Level 12.6 Ice Magic
 + Level 12.6 Air Magic
 + Level 12.6 Earth Magic
 + Level 12.6 Poison Magic
 + Level 15.8 Invocations
 + Level 14.7 Evocations


You had 40 spell levels left.
You knew the following spells:

 Your Spells              Type           Power        Failure   Level  Hunger
a - Infusion              Chrm           ####         1%          1    None
b - Song of Slaying       Chrm           ######..     1%          2    None
c - Shroud of Golubria    Chrm/Tloc      ######       1%          2    None
d - Ozocubu's Armour      Chrm/Ice       ######..     1%          3    None
e - Spectral Weapon       Hex/Chrm       ######..     1%          3    None
f - Summon Butterflies    Summ           ######..     1%          1    None

Your spell library contained the following spells:

 Spells                   Type           Power        Failure   Level  Hunger
 Animate Skeleton         Necr           N/A          1%          1    None
 Apportation              Tloc           ######       1%          1    None
 Corona                   Hex            ######.      1%          1    None
 Freeze                   Ice            ####         1%          1    None
 Magic Dart               Conj           ####         1%          1    None
 Summon Small Mammal      Summ           ####         1%          1    None
 Searing Ray              Conj           ######       1%          2    None
 Call Canine Familiar     Summ           ######..     1%          3    None
 Dazzling Flash           Conj/Hex       ######       1%          3    None
 Frozen Ramparts          Ice            ######       1%          3    None
 Fulminant Prism          Conj/Hex       ######....   1%          4    None
 Hailstorm                Conj/Ice       ######..     1%          4    None
 Iskenderun's Mystic Bla  Conj/Tloc      ######..     1%          4    None
 Summon Ice Beast         Ice/Summ       ######..     1%          4    None
 Irradiate                Conj/Tmut      ######....   5%          5    ##.....
 Summon Mana Viper        Hex/Summ       ######..     5%          5    ##.....
 Hydra Form               Tmut           ######....   30%         6    ####...
 Statue Form              Tmut/Erth      ######...    30%         6    ####...
 Dragon Form              Tmut           ######....   86%         7    ######.
 Spellforged Servitor     Conj/Summ      ######....   86%         7    ######.
 Summon Hydra             Summ           ######....   86%         7    ######.


Dungeon Overview and Level Annotations

Branches:
Dungeon (15/15)            Temple (0/1) D:5            Lair (6/6) D:8
 Shoals (4/4) Lair:4       Spider (0/4) Lair:3        Slime (0/5) Lair:6
    Orc (2/2) D:10            Elf (2/3) Orc:2        Vaults (4/5) D:14
  Crypt (0/3) Vaults:3     Depths (2/5) D:15          IceCv (visited)
Gauntlet (visited)

Altars:
Ashenzari
Dithmenos
Gozag
Hepliaklqana
Kikubaaqudgha
Makhleb
Qazlal
Wu Jian
Xom
Yredelemnul
Zin
Beogh

Shops:
D:4 }   D:6 [(*   D:7 *   D:9 !   D:10 [:[   Orc:2 }*[:(   Elf:2 =:(
Vaults:1 (   Vaults:2 *   Vaults:4 =:(

Portals:
Hell: Depths:1
Pandemonium: Depths:2
Ziggurat: Depths:1

Annotations:
D:6 1 runed translucent door, Maadim's ghost, amateur FoFi
D:11 3 runed translucent doors, ma3's ghost, journeyman DEFE
Lair:2 exclusion: oklob plant
Lair:3 exclusion: oklob plant
Shoals:3 Roxanne
Orc:1 Sonja
Depths:1 1 runed translucent door, exclusions: 2 obsidian statues and orange crystal statue


Innate Abilities, Weirdness & Mutations

Your experience applies equally to all skills.
You have very sharp teeth.
Your uncanny sense of smell can sniff out nearby items.
You are partially covered in rugged brown scales. (AC +1, +3% HP)
You have a somewhat thin skeletal structure. (Dex +2, Stealth)
You can translocate small distances at will.


Message History

The bolt of dispelling energy misses you.
The bolt of dispelling energy hits your spectral weapon!!
Your spectral weapon shares its damage with you!
Your spectral weapon fades away.
* * * LOW HITPOINT WARNING * * *
The ice dragon bites you but does no damage.
You block the ice dragon's attack. The ice dragon misses you.
Attack whom?
Press: ? - help, Dir - move target cursor, f/p - quicksilver dragon
Aim: a quicksilver dragon (severely wounded, catching its breath)
You hit the quicksilver dragon but do no damage.
You bite the quicksilver dragon!
The quicksilver dragon is almost dead.
The quicksilver dragon bites you!
* * * LOW HITPOINT WARNING * * *
The quicksilver dragon barely misses you.
The ice dragon breathes frost at you. The blast of cold hits you! You resist.
You die...
Your body crumbles into a pile of gold.

..(##.).##...........##.§§...§§..
.)##....[##..8.......#.§§≈≈≈≈§≈.§
.)#.[.....#..........#..§(.......
..).(.(.).'.......8.☼#∩._........
($#%......#..........#.).....§...
..##[.[.[##..8.).....#.§§§≈≈§≈≈.§
((.##...##(....$.....##..........
8.☼.##'##.☼.8.....(...##........≈
...............D@......###......§
..8.....(.8....$$D$....# #++.....
....8.%.8.......8$....## ++##.)
.........(((.........## ###
......☼..(..........## #
...#######.........'# #8 ..# ∆
##......#''. ## ##..(###..(. 8 ∆
##


You could see an ice dragon (catching breath) and a quicksilver dragon (catching
breath).

Vanquished Creatures
  Sojobo (D:15)
  4 caustic shrikes (Depths:2)
  A golden dragon (Depths:2)
  the Enchantress (Depths:1)
  2 liches
  A deep elf blademaster (Elf:2)
  2 shadow dragons
  3 sphinxes
  2 storm dragons
  4 tengu reavers
  Donald (Vaults:3)
  A revenant (Abyss:2)
  2 azure jellies
  The ghost of MisterFreud the Spear-Bearer, an adept DsIE of Gozag (Shoals:1)
  3 frost giants
  3 deep elf sorcerers
  2 fire giants
  13 vault wardens
  An iron dragon (Depths:2)
  Louise (D:14)
  2 orc warlords (Orc:2)
  A balrug (Depths:2)
  A cacodemon (Abyss:2)
  15 very ugly things
  5 spriggan defenders
  12 ironheart preservers
  6 stone giants
  A vampire knight (Vaults:3)
  A minotaur (Gauntlet)
  3 deep elf annihilators
  3 deep elf demonologists
  A purple draconian (Abyss:3)
  2 merfolk javelineers (Shoals:4)
  Snorg (D:13)
  2 ettins
  2 fire dragons
  5 death oozes
  2 deep elf high priests (Depths:2)
  2 deep elf death magi
  7 merfolk impalers
  Erolcha (D:10)
  11 yaktaur captains
  3 ice dragons
  6 rakshasas
  6 great orbs of eyes
  8 vault guards
  A hell beast (Gauntlet)
  8 merfolk avatars
  6 spriggan air magi
  6 death knights
  5 centaur warriors
  14 tengu warriors
  24 two-headed ogres
  5 hydras
  6 merfolk aquamancers
  10 ogre magi
  A deep troll shaman (Depths:1)
  2 deep troll earth magi (Vaults:1)
  A thrashing horror (Abyss:2)
  5 spriggan berserkers
  A death scarab (Gauntlet)
  4 satyrs (Shoals:4)
  3 orc high priests (Orc:2)
  3 hell hogs (Abyss:3)
  10 death yaks
  22 deep elf knights
  Urug (D:9)
  An iron troll (Depths:2)
  8 skeletal warriors
  3 sun demons (Depths:2)
  3 wretched stars
  A sixfirhy (Abyss:2)
  4 glowing orange brains (Depths:2)
  2 quicksilver dragon simulacra
  3 unseen horrors
  10 sea snakes
  2 starcursed masses (Abyss:2)
  7 wizards
  2 phantasmal warriors
  3 flayed ghosts
  8 deep trolls
  13 deep elf archers
  4 necromancers
  12 ironbrand convokers
  A shadow dragon zombie (Depths:1)
  11 fauns
  11 orc knights
  52 deep elf magi
  6 wolf spiders
  38 harpies
  A mana viper (shapeshifter) (Vaults:1)
  48 ugly things
  13 manticores
  6 orc sorcerers
  13 cyclopes
  6 elephants (Lair:4)
  2 ice statues (IceCv)
  8 rust devils (Depths:2)
  A centaur zombie (D:14)
  12 merfolk sirens
  An apocalypse crab (Abyss:3)
  13 vault sentinels
  4 water nymphs
  2 black mambas (shapeshifter)
  2 centaur skeletons
  A spiny frog (shapeshifter) (Vaults:2)
  2 gargoyles
  9 spiny frogs
  3 smoke demons (Abyss:2)
  49 yaktaurs
  A komodo dragon (shapeshifter) (Depths:1)
  Maggie (D:8)
  3 kobold demonologists
  5 freezing wraiths
  A rime drake (Lair:3)
  4 komodo dragons
  2 hellwings (Abyss:2)
  An ancient zyme (Abyss:2)
  An ice devil (Abyss:2)
  3 trolls
  A silent spectre (Abyss:2)
  A tengu conjurer (Depths:2)
  A queen bee (shapeshifter) (D:15)
  A meliai (shapeshifter) (Vaults:4)
  6 red devils (Depths:2)
  4 polar bears (Lair:6)
  A troll (shapeshifter) (Vaults:3)
  14 hornets
  16 merfolk
  7 wind drakes
  24 dream sheep
  4 raiju (Abyss:2)
  15 blink frogs
  13 hippogriffs
  3 hippogriffs (shapeshifter)
  7 snapping turtles
  9 slime creatures
  2 meliai zombies
  A frost giant simulacrum (Depths:1)
  2 shadows
  3 vampires (Vaults:3)
  4 flying skulls
  20 spriggans
  4 wyverns
  A spriggan skeleton (Depths:1)
  5 wraiths
  7 water elementals
  A tarantella (Lair:3)
  5 air elementals
  A tarantella (shapeshifter) (Vaults:2)
  A fire dragon skeleton (Depths:1)
  A human (shapeshifter) (Vaults:4)
  3 fire elementals
  36 yaks
  A ynoxinul (Abyss:2)
  2 basilisks
  Grum (D:9)
  2 hungry ghosts
  A neqoxec (Abyss:2)
  5 large abominations
  2 vampire mosquitoes (D:15)
  3 wargs
  A soldier ant (shapeshifter) (Depths:1)
  3 acid dragons
  A soldier ant (D:8)
  A spectral spiny frog (Gauntlet)
  A water moccasin (shapeshifter) (D:15)
  10 water moccasins
  7 porcupines
  3 hell hounds
  4 sky beasts
  14 ice beasts
  A phantom (D:10)
  33 orc warriors
  2 ettin simulacra (Depths:2)
  3 black bears
  A manticore zombie (Abyss:2)
  2 necrophages (D:9)
  2 ogres (shapeshifter)
  24 wolves
  14 boggarts
  37 ogres
  12 centaurs
  10 crocodiles
  3 big kobolds
  14 bullfrogs
  A wyvern zombie (D:8)
  4 earth elementals
  A scorpion (D:6)
  4 killer bees (D:8)
  12 wights
  3 electric eels (Lair:5)
  6 howler monkeys
  7 crimson imps
  2 small abominations (Abyss:2)
  A bullfrog zombie (D:9)
  9 hounds
  An iron imp (Abyss:2)
  14 jellies
  28 orc priests
  33 orc wizards
  2 bullfrog skeletons
  3 iguanas
  Terence (D:2)
  3 hell rats (Lair:1)
  7 worker ants
  A killer bee zombie (D:8)
  A worker ant zombie (D:8)
  12 adders
  4 gnolls (D:3)
  6 river rats (Lair:1)
  6 shadow imps
  12 white imps (D:13)
  An ufetubus (Abyss:2)
  6 oozes (Lair:6)
  An adder zombie (D:8)
  An adder skeleton (D:4)
  2 worms
  A dart slug (D:4)
  7 leopard geckos
  82 orcs
  9 giant cockroaches
  6 goblins
  7 hobgoblins
  9 jackals
  4 quokkas
  A ball python (D:3)
  4 bats
  3 frilled lizards
  33 kobolds
  2 quokka skeletons
  A quokka zombie (D:6)
  10 rats
  2 fungi
  A lurking horror (Abyss:2)
  2 plants
  2 spectral weapons
1544 creatures vanquished.

Vanquished Creatures (collateral kills)
  A wolf (D:9)
1 creature vanquished.

Vanquished Creatures (others)
  A fire dragon (Depths:2)
  27 dancing weapons
  A sea snake (Shoals:4)
  An unseen horror (Vaults:1)
  3 blink frogs (Lair:6)
  A hippogriff (D:12)
  A snapping turtle (Shoals:4)
  A ynoxinul (Abyss:2)
  2 ettin simulacra (Depths:2)
  A crocodile (Lair:6)
  An electric eel (D:12)
  An orc wizard (Orc:2)
  A bush (Lair:6)
  20 fungi
  23 plants
  76 spectral weapons
  4 withered plants (Gauntlet)
165 creatures vanquished.

Grand Total: 1710 creatures vanquished

Notes
Turn   | Place    | Note
-------+----------+-------------------------------------------
     0 | D:1      | gruber the Gnoll Skald began the quest for the Orb.
     0 | D:1      | Reached XP level 1. HP: 20/20 MP: 6/6
    84 | D:1      | Reached XP level 2. HP: 26/26 MP: 7/7
    96 | D:1      | Learned a level 2 spell: Song of Slaying
    99 | D:1      | Learned a level 2 spell: Shroud of Golubria
   887 | D:2      | Noticed Terence
   950 | D:2      | Killed Terence
   950 | D:2      | Reached skill level 5 in Spellcasting
   950 | D:2      | Reached skill level 1 in Invocations
   950 | D:2      | Reached XP level 3. HP: 10/31 MP: 5/9
  1188 | D:2      | Learned a level 3 spell: Ozocubu's Armour
  1192 | D:2      | Learned a level 3 spell: Spectral Weapon
  1243 | D:2      | Reached skill level 1 in Short Blades
  1243 | D:2      | Reached skill level 1 in Long Blades
  1243 | D:2      | Reached skill level 1 in Axes
  1243 | D:2      | Reached skill level 1 in Maces & Flails
  1243 | D:2      | Reached skill level 1 in Staves
  1243 | D:2      | Reached skill level 1 in Slings
  1243 | D:2      | Reached skill level 1 in Bows
  1243 | D:2      | Reached skill level 1 in Crossbows
  1243 | D:2      | Reached skill level 1 in Throwing
  1243 | D:2      | Reached skill level 1 in Stealth
  1243 | D:2      | Reached skill level 1 in Shields
  1243 | D:2      | Reached skill level 1 in Unarmed Combat
  1243 | D:2      | Reached skill level 1 in Evocations
  1243 | D:2      | Reached XP level 4. HP: 24/38 MP: 6/11
  1741 | D:2      | Reached skill level 1 in Conjurations
  1741 | D:2      | Reached skill level 1 in Hexes
  1741 | D:2      | Reached skill level 1 in Summonings
  1741 | D:2      | Reached skill level 1 in Necromancy
  1741 | D:2      | Reached skill level 1 in Translocations
  1741 | D:2      | Reached skill level 1 in Transmutations
  1741 | D:2      | Reached skill level 1 in Fire Magic
  1741 | D:2      | Reached skill level 1 in Ice Magic
  1741 | D:2      | Reached skill level 1 in Air Magic
  1741 | D:2      | Reached skill level 1 in Earth Magic
  1741 | D:2      | Reached skill level 1 in Poison Magic
  1788 | D:2      | Reached XP level 5. HP: 20/43 MP: 8/12
  2907 | D:3      | Found an ornate altar of the Wu Jian Council.
  2931 | D:3      | Reached XP level 6. HP: 42/50 MP: 5/13
  3110 | D:3      | Found a burning altar of Makhleb.
  3111 | D:3      | Found a shimmering altar of Xom.
  3272 | D:4      | Reached skill level 5 in Fighting
  3272 | D:4      | Reached skill level 5 in Polearms
  3272 | D:4      | Reached skill level 5 in Dodging
  3383 | D:4      | Found a basalt altar of Yredelemnul.
  3383 | D:4      | Found a hazy altar of Hepliaklqana.
  3410 | D:4      | Reached XP level 7. HP: 14/56 MP: 15/15
  3759 | D:4      | Found Tulig's Gadget Shop.
  4017 | D:4      | Found a shattered altar of Ashenzari.
  4017 | D:4      | Found an opulent altar of Gozag.
  4163 | D:4      | Became a worshipper of Gozag Ym Sagoz the Greedy
  4589 | D:5      | Entered Level 5 of the Dungeon
  4760 | D:5      | Found an ancient bone altar of Kikubaaqudgha.
  4946 | D:5      | Reached XP level 8. HP: 55/63 MP: 12/16
  5154 | D:5      | Found a staircase to the Ecumenical Temple.
  5546 | D:6      | Found Gaeni's Assorted Antiques.
  5633 | D:6      | Found Sefig's Weapon Emporium.
  5841 | D:6      | Found a stormy altar of Qazlal.
  5855 | D:6      | Noticed a troll
  5868 | D:6      | Killed a troll
  6308 | D:6      | Found Soikk's Antique Armour Shoppe.
  6342 | D:6      | Reached XP level 9. HP: 25/69 MP: 12/18
  6594 | D:6      | Bought an embroidered hat for 196 gold pieces
  6594 | D:6      | Bought a pair of gloves for 126 gold pieces
  6615 | D:6      | Found a runed translucent door.
  6840 | D:6      | Noticed Maadim's ghost (amateur FoFi)
  7417 | D:7      | Found Mes Dyit's Lightly-Used Armoury.
  7450 | D:7      | Reached skill level 5 in Armour
  8400 | D:8      | Reached skill level 5 in Invocations
  8796 | D:8      | Noticed Maurice
  8797 | D:8      | Noticed Maurice
  8797 | D:8      | Maurice changed into Maurice the soldier ant
  8807 | D:8      | Killed Maurice the soldier ant
  8807 | D:8      | Reached XP level 10. HP: 74/77 MP: 12/20
  8873 | D:8      | Got an ichor-stained chain mail
  8874 | D:8      | Identified the cursed +0 chain mail of Resourcefulness {rF+
                  | Str-3 Int+5} (You found it on level 8 of the Dungeon)
  8888 | D:8      | Reached skill level 5 in Conjurations
  8888 | D:8      | Reached skill level 5 in Hexes
  8888 | D:8      | Reached skill level 5 in Summonings
  8888 | D:8      | Reached skill level 5 in Necromancy
  8888 | D:8      | Reached skill level 5 in Translocations
  8888 | D:8      | Reached skill level 5 in Transmutations
  8888 | D:8      | Reached skill level 5 in Fire Magic
  8888 | D:8      | Reached skill level 5 in Ice Magic
  8888 | D:8      | Reached skill level 5 in Air Magic
  8888 | D:8      | Reached skill level 5 in Earth Magic
  8888 | D:8      | Reached skill level 5 in Poison Magic
  8888 | D:8      | Reached XP level 11. HP: 85/85 MP: 20/23
  8909 | D:8      | Found a staircase to the Lair.
  8975 | D:8      | Noticed Maggie
  8993 | D:8      | Killed Maggie
  9450 | D:9      | Noticed a manticore
  9461 | D:9      | Killed a manticore
  9563 | D:9      | Noticed Grum
  9581 | D:9      | Killed Grum
  9787 | D:9      | Found Zauga's Distillery.
  9877 | D:9      | Found a stormy altar of Qazlal.
 10066 | D:10     | Entered Level 10 of the Dungeon
 10066 | D:10     | Found a staircase to the Orcish Mines.
 10079 | D:10     | Found Enidgh's Antique Armour Boutique.
 10140 | D:7      | Bought -1 pearl dragon scales for 1140 gold pieces
 10181 | D:10     | Noticed Erolcha
 10181 | D:10     | Noticed Urug
 10208 | D:9      | Killed Urug
 10412 | D:10     | Killed Erolcha
 10721 | D:10     | Found Tiuloqil's Book Shoppe.
 11012 | D:10     | Noticed a two-headed ogre
 11025 | D:10     | Killed a two-headed ogre
 11025 | D:10     | Reached XP level 12. HP: 83/94 MP: 13/24
 11160 | D:10     | Noticed a seven-headed hydra
 11174 | D:10     | Killed a seven-headed hydra
 11493 | D:10     | Found Yror's Armour Shop.
 11637 | D:10     | Learned a level 1 spell: Summon Butterflies
 11941 | D:11     | Found a shadowy altar of Dithmenos.
 12010 | D:11     | Noticed a two-headed ogre
 12023 | D:11     | Killed a two-headed ogre
 13271 | D:11     | Found a runed translucent gate.
 13272 | D:11     | Found a runed translucent gate.
 13272 | D:11     | Noticed ma3's ghost (journeyman DEFE)
 13273 | D:11     | Found a runed translucent gate.
 13552 | D:11     | Found a roughly hewn altar of Beogh.
 14808 | Lair:1   | Entered Level 1 of the Lair of Beasts
 15374 | Lair:1   | Noticed a four-headed hydra
 15387 | Lair:1   | Killed a four-headed hydra
 16345 | Lair:2   | Reached XP level 13. HP: 88/101 MP: 21/26
 17842 | Lair:3   | Found a hole to the Spider Nest.
 20200 | D:10     | Bought a manual of Polearms for 1766 gold pieces
 20793 | Lair:4   | Found a staircase to the Shoals.
 20804 | Lair:4   | Reached skill level 10 in Spellcasting
 21193 | Lair:5   | Found a gate leading to a gauntlet.
 21360 | Lair:4   | Reached skill level 10 in Polearms
 21471 | Lair:5   | Reached XP level 14. HP: 53/109 MP: 15/28
 21569 | Gauntlet | Entered a Gauntlet
 21569 | Gauntlet | Found a transporter.
 21569 | Gauntlet | Found a transporter.
 21569 | Gauntlet | Found a large runed translucent door.
 21569 | Gauntlet | Found a large runed translucent door.
 21569 | Gauntlet | Found a large runed translucent door.
 21569 | Gauntlet | Found a large runed translucent door.
 21569 | Gauntlet | Found a large runed translucent door.
 21569 | Gauntlet | Found a large runed translucent door.
 21569 | Gauntlet | Found a runed translucent door.
 21569 | Gauntlet | Found a runed translucent door.
 21569 | Gauntlet | Found a large runed translucent door.
 21569 | Gauntlet | Found a large runed translucent door.
 21569 | Gauntlet | Found a large runed translucent door.
 21569 | Gauntlet | Found a large runed translucent door.
 21569 | Gauntlet | Found a large runed translucent door.
 21569 | Gauntlet | Found a large runed translucent door.
 21842 | Gauntlet | Found a transporter.
 21842 | Gauntlet | Found a transporter.
 21847 | Gauntlet | Found a large runed translucent door.
 21847 | Gauntlet | Found a large runed translucent door.
 21849 | Gauntlet | Found a runed translucent gate.
 21849 | Gauntlet | Found a runed translucent gate.
 21849 | Gauntlet | Found a runed translucent gate.
 21852 | Gauntlet | Found a transporter.
 21872 | Gauntlet | Found a large runed translucent door.
 21873 | Gauntlet | Found a large runed translucent door.
 21905 | Gauntlet | Found a transporter.
 21921 | Gauntlet | Found a transporter.
 21940 | Gauntlet | Found a transporter.
 21953 | Gauntlet | Found a transporter.
 21975 | Gauntlet | Found a transporter.
 22062 | Gauntlet | Found a transporter.
 22083 | Gauntlet | Found a transporter.
 22093 | Gauntlet | Found a transporter.
 22117 | Gauntlet | Found a transporter.
 22200 | Gauntlet | Found a transporter.
 22208 | Gauntlet | Found a transporter.
 22306 | Gauntlet | Reached skill level 10 in Fighting
 22306 | Gauntlet | Reached skill level 10 in Dodging
 22527 | Gauntlet | Got a glimmering short sword
 22528 | Gauntlet | Identified the cursed +2 short sword of the Owl {freeze,
                  | *Rage +Rage rF+ MR+} (You found it in a Gauntlet)
 23270 | Gauntlet | Found the +3 robe of Folly {Archmagi, MR-- Int+5}
 24138 | Lair:6   | Entered Level 6 of the Lair of Beasts
 24604 | Lair:6   | Noticed an azure jelly
 24645 | Lair:5   | Killed an azure jelly
 24654 | Lair:5   | Reached skill level 10 in Invocations
 25879 | Lair:6   | Paralysed by a great orb of eyes for 2 turns
 25897 | Lair:6   | Paralysed by a great orb of eyes for 2 turns
 26216 | Lair:6   | Reached skill level 10 in Unarmed Combat
 26479 | Lair:6   | Noticed an azure jelly
 26506 | Lair:6   | Killed an azure jelly
 26506 | Lair:6   | Reached skill level 10 in Armour
 26506 | Lair:6   | Reached XP level 15. HP: 109/116 MP: 20/29
 27284 | Lair:6   | Found a staircase to the Slime Pits.
 27771 | Orc:1    | Entered Level 1 of the Orcish Mines
 27866 | Orc:1    | You fall into a shaft and drop 1 floor!
 27866 | Orc:2    | Entered Level 2 of the Orcish Mines
 27868 | Orc:2    | Noticed an orc warlord
 27905 | Orc:2    | HP: 2/116 [orc warlord/+0 battleaxe (13)]
 27910 | Orc:2    | Killed an orc warlord
 28436 | Orc:2    | Found Tewnai's Gadget Shop.
 28751 | Orc:2    | Found a staircase to the Elven Halls.
 28920 | Orc:1    | Noticed Sonja
 29037 | Orc:2    | Noticed an orc warlord
 29042 | Orc:2    | Gained mutation: Your spells are a little easier to cast,
                  | but a little less powerful. [a neqoxec]
 29044 | Orc:2    | Gained mutation: Scrolls take you a little longer to read.
                  | [a neqoxec]
 29047 | Orc:2    | Lost mutation: Scrolls take you a little longer to read.
                  | [potion of mutation]
 29047 | Orc:2    | Lost mutation: Your spells are a little easier to cast, but
                  | a little less powerful. [potion of mutation]
 29047 | Orc:2    | Gained mutation: You are partially covered in rugged brown
                  | scales. (AC +1, +3% HP) [potion of mutation]
 29047 | Orc:2    | Gained mutation: You can translocate small distances at
                  | will. [potion of mutation]
 29047 | Orc:2    | Gained mutation: You have a somewhat thin skeletal
                  | structure. (Dex +2, Stealth) [potion of mutation]
 29096 | Orc:2    | Killed an orc warlord
 29410 | Orc:2    | Reached skill level 10 in Charms
 30020 | Orc:2    | Reached skill level 10 in Short Blades
 30020 | Orc:2    | Reached skill level 10 in Long Blades
 30020 | Orc:2    | Reached skill level 10 in Axes
 30020 | Orc:2    | Reached skill level 10 in Maces & Flails
 30020 | Orc:2    | Reached skill level 10 in Staves
 30020 | Orc:2    | Reached skill level 10 in Slings
 30020 | Orc:2    | Reached skill level 10 in Bows
 30020 | Orc:2    | Reached skill level 10 in Crossbows
 30020 | Orc:2    | Reached skill level 10 in Throwing
 30020 | Orc:2    | Reached skill level 10 in Stealth
 30020 | Orc:2    | Reached skill level 10 in Shields
 30020 | Orc:2    | Reached skill level 10 in Evocations
 30279 | Orc:2    | Found Ezeynko's Antique Armour Shop.
 30280 | Orc:2    | Found Downaot's Antique Weapon Boutique.
 30281 | Orc:2    | Found Cusoj's General Store.
 30281 | Orc:2    | Found Wiror's Book Shop.
 30285 | Orc:2    | Bought a scroll of teleportation for 42 gold pieces
 30285 | Orc:2    | Bought a scroll of magic mapping for 49 gold pieces
 30286 | Orc:2    | Bought a manual of Dodging for 1656 gold pieces
 30295 | Orc:2    | Bought a pair of runed boots for 217 gold pieces
 30507 | D:13     | Noticed Snorg
 30531 | D:13     | Killed Snorg
 30592 | D:13     | Found a frozen archway.
 30606 | IceCv    | Entered an ice cave
 30726 | IceCv    | Found a transporter.
 30746 | IceCv    | Found a transporter.
 32299 | D:14     | Found a gate to the Vaults.
 32540 | D:14     | Noticed Louise
 32552 | D:14     | Killed Louise
 33322 | D:15     | Entered Level 15 of the Dungeon
 33640 | D:15     | Reached XP level 16. HP: 122/128 MP: 28/31
 34383 | D:15     | Found a staircase to the Depths.
 34806 | Shoals:1 | Entered Level 1 of the Shoals
 35197 | Shoals:1 | Found a runed translucent door.
 35205 | Shoals:1 | Noticed MisterFreud's ghost (adept DsIE)
 35318 | Shoals:1 | Killed MisterFreud's ghost
 35329 | Shoals:1 | Got a crystal hand crossbow
 35330 | Shoals:1 | Identified the +8 hand crossbow of Laida {speed, Int+4
                  | Dex+4} (You found it on level 1 of the Shoals)
 36028 | Orc:2    | Bought 27 bolts for 75 gold pieces
 38808 | Shoals:3 | Identified Roxanne's Grimoire of Clay
 38808 | Shoals:3 | Noticed Roxanne
 39941 | Shoals:3 | Reached XP level 17. HP: 124/136 MP: 29/33
 40368 | Shoals:4 | Entered Level 4 of the Shoals
 44266 | Shoals:4 | Got a barnacled rune of Zot
 44803 | Vaults:1 | Entered Level 1 of the Vaults
 44875 | Vaults:1 | Reached skill level 10 in Conjurations
 44875 | Vaults:1 | Reached skill level 10 in Hexes
 44875 | Vaults:1 | Reached skill level 10 in Summonings
 44875 | Vaults:1 | Reached skill level 10 in Necromancy
 44875 | Vaults:1 | Reached skill level 10 in Translocations
 44875 | Vaults:1 | Reached skill level 10 in Transmutations
 44875 | Vaults:1 | Reached skill level 10 in Fire Magic
 44875 | Vaults:1 | Reached skill level 10 in Ice Magic
 44875 | Vaults:1 | Reached skill level 10 in Air Magic
 44875 | Vaults:1 | Reached skill level 10 in Earth Magic
 44875 | Vaults:1 | Reached skill level 10 in Poison Magic
 45184 | Vaults:1 | Reached XP level 18. HP: 145/145 MP: 30/34
 46596 | Vaults:1 | Reached skill level 15 in Polearms
 46641 | Vaults:1 | Found Gasech's Antique Weapon Emporium.
 48426 | Vaults:2 | Reached XP level 19. HP: 149/153 MP: 36/36
 49193 | Vaults:2 | Reached skill level 15 in Dodging
 49640 | Vaults:2 | Reached skill level 15 in Unarmed Combat
 49845 | Vaults:2 | Cast into level 2 of the Abyss (a deep elf demonologist)
 49845 | Abyss:2  | Found a corrupted altar of Lugonu.
 50062 | Abyss:2  | Noticed a lich
 50082 | Abyss:2  | Killed a lich
 50097 | Abyss:2  | Noticed a profane servitor
 50188 | Vaults:2 | Escaped the Abyss
 50557 | Vaults:1 | Paralysed by a sphinx for 5 turns
 50746 | Vaults:2 | Noticed a Hell Sentinel
 51455 | Vaults:2 | Found Rucegum's General Store.
 51893 | Vaults:2 | Bought a ration for 55 gold pieces
 51893 | Vaults:2 | Bought a ration for 55 gold pieces
 51893 | Vaults:2 | Bought a ration for 55 gold pieces
 51893 | Vaults:2 | Bought a ration for 55 gold pieces
 51893 | Vaults:2 | Bought a ration for 55 gold pieces
 51893 | Vaults:2 | Bought a ration for 55 gold pieces
 51893 | Vaults:2 | Bought a ration for 55 gold pieces
 51893 | Vaults:2 | Bought a ration for 55 gold pieces
 51893 | Vaults:2 | Bought a ration for 55 gold pieces
 52068 | Vaults:3 | Noticed Donald
 52103 | Vaults:3 | Killed Donald
 53052 | Vaults:3 | Reached XP level 20. HP: 158/161 MP: 31/37
 54071 | Vaults:3 | Found a staircase to the Crypt.
 54494 | Vaults:4 | Found Qocely's Antique Weapon Shoppe.
 55006 | Vaults:4 | Bought an ancient trident for 340 gold pieces
 55008 | Vaults:4 | Identified the +9 trident "Keluruy" {holy, rPois rC+ rN+
                  | SInv} (You bought it in a shop on level 4 of the Vaults)
 55035 | Vaults:4 | Paralysed by a great orb of eyes for 4 turns
 56074 | Vaults:4 | Found Qehoth's Book Emporium.
 56152 | Vaults:4 | Found Jagam's Jewellery Shoppe.
 56159 | Vaults:4 | Bought the ring of Riromu {Dex+3 Slay+4} for 2008 gold
                  | pieces
 56938 | Elf:1    | Entered Level 1 of the Elven Halls
 57039 | Elf:1    | Reached XP level 21. HP: 153/169 MP: 37/39
 57258 | Elf:1    | Cast into level 3 of the Abyss (a deep elf demonologist)
 57371 | Elf:1    | Escaped the Abyss
 58051 | Elf:1    | Identified the +2 short sword "Piarus" {protect, +Rage
                  | rF++}
 58070 | Elf:1    | Identified the Grimoire of the Entourage
 59148 | Elf:2    | Found Waip's Jewellery Emporium.
 59153 | Elf:2    | Bought a cursed ring of attention for 54 gold pieces
 59154 | Elf:2    | Bought a cursed amulet of inaccuracy for 24 gold pieces
 59237 | Elf:2    | Found a huge runed translucent gate.
 59237 | Elf:2    | Found a huge runed translucent gate.
 59237 | Elf:2    | Found a huge runed translucent gate.
 59243 | Elf:2    | Found a huge runed translucent gate.
 59243 | Elf:2    | Found a huge runed translucent gate.
 59398 | Elf:2    | Found Reruni's Food Shop.
 59436 | Elf:2    | Bought a ration for 55 gold pieces
 59436 | Elf:2    | Bought a ration for 55 gold pieces
 59436 | Elf:2    | Bought a ration for 55 gold pieces
 59436 | Elf:2    | Bought a ration for 55 gold pieces
 59436 | Elf:2    | Bought a ration for 55 gold pieces
 59436 | Elf:2    | Bought a ration for 55 gold pieces
 59436 | Elf:2    | Bought a ration for 55 gold pieces
 59436 | Elf:2    | Bought a ration for 55 gold pieces
 59436 | Elf:2    | Bought a ration for 55 gold pieces
 59621 | Elf:2    | Found Ehis's Antique Weapon Emporium.
 59624 | Elf:2    | Bought a jewelled spear for 248 gold pieces
 59624 | Elf:2    | Identified the +1 spear of Evisceration {flame, rPois rF++
                  | Int-4 Stlth+} (You bought it in a shop on level 2 of the
                  | Elven Halls)
 59696 | Elf:2    | Found Jiblov's Book Shoppe.
 59839 | Elf:2    | Reached skill level 15 in Invocations
 60930 | Depths:1 | Entered Level 1 of the Depths
 60935 | Depths:1 | Noticed Sojobo
 61229 | D:15     | Killed Sojobo
 61767 | Depths:1 | Found a runed translucent door.
 61851 | Depths:1 | Reached skill level 15 in Throwing
 61851 | Depths:1 | Reached XP level 22. HP: 152/178 MP: 32/40
 62045 | Depths:1 | Noticed the Enchantress
 62593 | Depths:1 | Found a gateway to a ziggurat.
 63205 | Depths:1 | Killed the Enchantress
 63260 | Depths:1 | Found a gateway to Hell.
 63403 | Depths:1 | Found the ring of the Mage {Wiz MR++ Int+3}
 63609 | Depths:2 | Reached skill level 15 in Spellcasting
 63706 | Depths:2 | Found a burning altar of Makhleb.
 63742 | Depths:2 | Found a one-way gate leading to the halls of Pandemonium.
 63961 | Depths:2 | Found a glowing silver altar of Zin.
 64276 | Depths:2 | Reached skill level 15 in Fighting
 65021 | Depths:2 | Noticed a caustic shrike
 65023 | Depths:2 | Noticed a caustic shrike
 65025 | Depths:2 | Noticed a caustic shrike
 65025 | Depths:2 | Noticed a caustic shrike
 65033 | Depths:2 | Killed a caustic shrike
 65043 | Depths:2 | Killed a caustic shrike
 65049 | Depths:2 | Killed a caustic shrike
 65056 | Depths:2 | Killed a caustic shrike
 65195 | Depths:2 | Noticed a golden dragon
 65210 | Depths:2 | Killed a golden dragon
 65602 | Depths:2 | Got an iridescent spear
 65603 | Depths:2 | Identified the +1 spear of Siememo {pain, Str+3} (You found
                  | it on level 2 of the Depths)
 65784 | Depths:2 | Reached XP level 23. HP: 186/186 MP: 42/42
 65892 | Depths:2 | HP: 6/186 [quicksilver dragon (10)]
 65892 | Depths:2 | Killed from afar by an ice dragon

Illustrated notes

Levels and vault maps discovered:
D:1:      onia_arrival_mini_spirals, layout_rooms, lemuel_another_geyser
D:2:      layout_loops_ring, uniq_terence
D:3:      layout_basic, grunt_temple_overflow_champion_of_chaos,
          overflow_temple_1_default, first_ration
D:4:      layout_loops_corners, chequers_temple_overflow_statue_of_worship,
          grunt_temple_overflow_open, serial_shops, shop
D:5:      layout_loops_ring, kennysheep_little_box, minmay_temple_entry_mist
D:6:      layout_basic, nicolae_overflow_hidden_temple, serial_shops,
          shop_statue, nicolae_shop_overgrown_old_shop, nicolae_shop_trees,
          ebering_ghost_reflecting_pool
D:7:      kennysheep_kobold_camp, layout_basic, minmay_shop_damaged,
          minmay_misc_feat_nine_boxes, grunt_ogre_cave
D:8:      layout_rooms, dpeg_oklobed_lair, uniq_maggie, uniq_maurice
D:9:      layout_cave_pools, serial_shops, nicolae_shop_stone,
          grunt_qazlal_clouds, uniq_grum
D:10:     layout_long_grid, orc_0_dummy, serial_shops, kennysheep_mini, shop,
          shop_fountains, uniq_erolcha, uniq_urug
D:11:     layout_stronghold, basic_altar, biasface_ghost_orc_armoury
D:12:     layout_roguey, lemuel_freeze_loot_1
D:13:     layout_basic, portal_ice_cave_entry_imps, uniq_snorg
D:14:     layout_cave_pools, skrybe_vaults_entry_preservation,
          minmay_misc_feat_iff, drop_trap, uniq_louise
D:15:     grunt_enter_depths_hoard, layout_basic, roderic_lattice_octagonal_star
Lair:1:   layout_cave_pods, kennysheep_abandoned_house
Lair:2:   layout_cave_pods, minmay_lair_oklob_chamber
Lair:3:   layout_cave_pods, spider_nest_entry_rubble, grunt_megastairs_2
Lair:4:   layout_regular_city, minmay_shoals_entry_beasts
Lair:5:   layout_regular_city, gauntlet_entry_generic, serial_bayou_shore_b,
          serial_bayou_shore_a, infiniplex_staircase_pool_2, lemuel_fruit_fields
Lair:6:   minmay_lair_end_enchanted_forest, layout_loops_ring,
          nicolae_slime_entry_slimehenge, special_room [special_room_jelly],
          chequers_serial_rivers_micro_b, serial_bayou_shore_b
Shoals:1: layout_shoals, ebering_ghost_reflecting_pool
Shoals:2: layout_shoals
Shoals:3: layout_shoals, uniq_roxanne
Shoals:4: shoals_end_simple, layout_shoals
Orc:1:    layout_caves, gammafunk_ghost_wrathful_warriors, uniq_sonja
Orc:2:    st_orc_congregation, layout_diamond_mine, serial_shops, shop
Elf:1:    minmay_the_grid_square_5x5_4x4 [minmay_the_grid_square_5x5_meh,
          minmay_the_grid_square_5x5_eight_small,
          minmay_the_grid_square_5x5_one_wall,
          minmay_the_grid_square_5x5_trominoes,
          minmay_the_grid_square_5x5_shuriken,
          minmay_the_grid_square_5x5_prize_open,
          minmay_the_grid_square_5x5_prize_deathbox,
          minmay_the_grid_square_5x5_seven, minmay_the_grid_square_5x5_eight,
          minmay_the_grid_square_5x5_prize_snowflake,
          minmay_the_grid_square_5x5_prize_pseudospiral,
          minmay_the_grid_square_5x5_slash, minmay_the_grid_square_5x5_n_small,
          minmay_the_grid_square_5x5_comb,
          minmay_the_grid_square_5x5_broken_cross,
          minmay_the_grid_square_5x5_tie], layout_loops_cross,
          minmay_elf_demonology
Elf:2:    layout_geoelf_grid, serial_shops, shop, shop,
          nicolae_shop_window_shopping, shop, corner_web_ring
Vaults:1: dpeg_vaults_monster_box, v_misc_16, dpeg_vaults_monster_row,
          vaults_mumra_chevron, nicolae_vaults_display_case,
          vaults_room_semicircle, grunt_vaults_swirl, v_misc_15,
          ontoclasm_vaults_loading_screen, v_misc_22, v_misc_5,
          ontoclasm_vaults_pinch, vaults_dpeg_ring, vaults_standard_mumra_x,
          layout_vaults_omnibox, serial_shops, nicolae_shop_crystal
Vaults:2: nicolae_vaults_shelves_hall, hangedman_vaults_slice, v_pattern_3,
          nicolae_vaults_stairing_the_circle, nicolae_vaults_theta,
          hangedman_vaults_locks, nicolae_vaults_diagonal_hallway_6,
          vaults_room_fours, layout_vaults_quadrants, serial_shops, shop
Vaults:3: hangedman_vaults_variations, ontoclasm_vaults_ring_small,
          ontoclasm_vaults_tryst, minmay_crypt_entry_vampire_xt, v_misc_18,
          v_misc_22, vaults_mumra_lcd, hangedman_vaults_trim,
          nicolae_vaults_network_star, vaults_room_pools,
          ontoclasm_vaults_twist, nicolae_vaults_triangles, vaults_room_fours,
          layout_vaults_ring, uniq_donald
Vaults:4: nicolae_vaults_shelves_hall, ontoclasm_vaults_hangar,
          vaults_standard_mumra_enter_the_diamond, v_rooms_1, v_misc_18,
          v_misc_28, ontoclasm_vaults_hangar, vaults_room_hallway,
          v_alt_pattern_1, st_hourglassy, vaults_dpeg_hooks,
          layout_vaults_big_cross, serial_shops, shop, shop_statue, shop
Depths:1: layout_forbidden_donut, enter_ziggurat_b, minmay_misc_feat_roman,
          hell_entry, minmay_guarded_unrand_mage, firewood_loft,
          uniq_enchantress, uniq_sojobo
Depths:2: grunt_profane_halls [grunt_profane_temple_coc,
          grunt_profane_temple_tar, grunt_profane_temple_geh,
          grunt_profane_temple_dis, grunt_profane_loot], hell_entry, pan_entry

Skill      XL: |  1  2  3  4  5  6  7  8  9 10 11 12 13 14 15 16 17 18 19 20 21 22 |
---------------+-------------------------------------------------------------------+-----
Spellcasting   | 5 6 8 9 10 11 12 13 14 15 | 15.3
Invocations    | 1 2 3 4 5 6 7 8 9 10 11 12 13 14 15 | 15.8
Short Blades   | 1 2 3 4 6 7 8 9 10 11 12 13 14 | 14.7
Long Blades    | 1 2 3 4 6 7 8 9 10 11 12 13 14 | 14.7
Axes           | 1 2 3 4 6 7 8 9 10 11 12 13 14 | 14.7
Maces & Flails | 1 2 3 4 6 7 8 9 10 11 12 13 14 | 14.7
Staves         | 1 2 3 4 6 7 8 9 10 11 12 13 14 | 14.7
Slings         | 1 2 3 4 6 7 8 9 10 11 12 13 14 | 14.7
Bows           | 1 2 3 4 6 7 8 9 10 11 12 13 14 | 14.7
Crossbows      | 1 2 3 4 6 7 8 9 10 11 12 13 14 | 14.7
Throwing       | 1 2 3 4 6 7 8 9 10 11 12 13 15 16 | 16.0
Stealth        | 1 2 3 4 6 7 8 9 10 11 12 13 14 | 14.7
Shields        | 1 2 3 4 6 7 8 9 10 11 12 13 14 | 14.7
Unarmed Combat | 1 2 3 4 6 7 8 10 11 12 13 14 15 16 17 18 | 18.3
Evocations     | 1 2 3 4 6 7 8 9 10 11 12 13 14 | 14.7
Conjurations   | 1 2 3 5 6 7 8 9 10 11 12 | 12.6
Hexes          | 1 2 3 5 6 7 8 9 10 11 12 | 12.6
Summonings     | 1 2 3 5 6 7 8 9 10 11 12 | 12.6
Necromancy     | 1 2 3 5 6 7 8 9 10 11 12 | 12.6
Translocations | 1 2 3 5 6 7 8 9 10 11 12 | 12.6
Transmutations | 1 2 3 5 6 7 8 9 10 11 12 | 12.6
Fire Magic     | 1 2 3 5 6 7 8 9 10 11 12 | 12.6
Ice Magic      | 1 2 3 5 6 7 8 9 10 11 12 | 12.6
Air Magic      | 1 2 3 5 6 7 8 9 10 11 12 | 12.6
Earth Magic    | 1 2 3 5 6 7 8 9 10 11 12 | 12.6
Poison Magic   | 1 2 3 5 6 7 8 9 10 11 12 | 12.6
Armour         | 3 4 5 6 7 8 9 10 11 12 13 14 | 14.9
Fighting       | 5 6 7 8 9 10 11 12 13 14 15 | 15.2
Polearms       | 5 6 7 8 9 10 11 12 13 14 15 16 17 18 | 18.8
Dodging        | 5 6 7 8 9 10 11 12 13 14 15 16 17 18 | 18.3
Charms         | 6 7 8 9 10 11 12 13 | 13.6

Action                   |  1- 3 |  4- 6 |  7- 9 | 10-12 | 13-15 | 16-18 | 19-21 | 22-24 || total
-------------------------+-------+-------+-------+-------+-------+-------+-------+-------++-------
Melee: Spear             |    71 |   159 |   349 |   837 |  1883 |       |       |       ||  3299
       Bite              |     2 |    19 |    39 |    85 |   247 |   128 |   126 |    36 ||   682
       Trident           |       |       |       |       |   162 |  1409 |  1003 |   288 ||  2862
 Fire: Hand crossbow     |       |       |       |       |       |   414 |  1354 |   498 ||  2266
Throw: Dart              |     7 |       |       |     1 |    18 |       |       |       ||    26
       Throwing net      |       |       |       |       |     1 |       |       |       ||     1
       Javelin           |       |       |       |       |    52 |    39 |    26 |       ||   117
 Cast: Infusion          |     5 |     2 |     6 |    14 |    17 |     4 |     2 |       ||    50
       Shroud of Golubri |     3 |       |     6 |    10 |    24 |     6 |     8 |       ||    57
       Spectral Weapon   |       |    14 |    23 |    58 |   112 |    71 |    56 |    18 ||   352
       Song of Slaying   |       |     1 |     5 |    20 |    31 |    23 |    36 |    17 ||   133
       Ozocubu's Armour  |       |       |     2 |     1 |       |       |       |       ||     3
       Summon Butterflie |       |       |       |       |     2 |     6 |       |       ||     8
Invok: Potion Petition   |       |       |     1 |       |     2 |     2 |     3 |     1 ||     9
       Call Merchant     |       |       |       |       |       |       |     1 |       ||     1
 Abil: Stop Flying       |       |       |       |       |       |       |       |     1 ||     1
Evoke: Wand              |       |       |     1 |     2 |    20 |     4 |     2 |     1 ||    30
       Lightning rod     |       |       |       |       |     4 |     8 |       |       ||    12
  Use: Scroll            |       |       |       |    18 |    18 |    12 |     6 |     4 ||    58
       Potion            |       |       |       |     1 |     5 |     1 |       |     3 ||    10
 Stab: Sleeping          |     2 |     3 |    11 |     5 |     8 |    13 |     7 |       ||    49
       Distracted        |       |     3 |     3 |     9 |    48 |    27 |    22 |     9 ||   121
       Invisible         |       |       |     1 |       |       |       |       |       ||     1
       Paralysed         |       |       |       |       |     8 |       |       |       ||     8
       Held in net/web   |       |       |       |       |     2 |       |       |       ||     2
  Eat: Chunk             |     1 |     8 |     2 |       |       |       |       |       ||    11
       Ration            |       |       |     5 |     7 |    16 |    14 |    12 |     4 ||    58
Armor: Leather armour    |    13 |    11 |    32 |     3 |       |       |       |       ||    59
       Pearl dragon scal |       |       |       |   144 |   553 |   514 |   472 |   162 ||  1845
       Acid dragon scale |       |       |       |    18 |       |       |       |       ||    18
Dodge: Dodged            |    40 |    53 |   138 |   264 |   596 |   444 |   516 |   204 ||  2255
Block: Buckler           |     4 |    17 |    42 |   116 |   318 |       |       |       ||   497
       Tower shield      |       |       |       |       |    55 |  1082 |  1067 |   385 ||  2589
